 Dungeon Crawl Stone Soup version 0.18.1-1-g2f07953 (webtiles) character file.

786 Surnwick the Skirmisher (level 7, -31/74 HPs)
             Began as a Troll Monk on May 6, 2016.
             Was a Priest of Cheibriados.
             Annihilated by a white ugly thing (46 damage)
             ... on level 6 of the Dungeon on May 10, 2016.
             The game lasted 00:13:06 (3387 turns).

Surnwick the Skirmisher (Troll Monk)                Turns: 3387, Time: 00:13:10

Health: -31/74     AC:  5    Str: 29    XL:     7   Next: 56%
Magic:  9/9        EV: 11    Int: 13    God:    Cheibriados [***...]
Gold:   226        SH:  0    Dex: 19    Spells: 0 memorised, 6 levels left

rFire  + . .     SeeInvis .       - Unarmed
rCold  x . .     Gourm    +     a - +0 robe
rNeg   . . .     Faith    .     (no shield)
rPois  .         Spirit   .     (helmet restricted)
rElec  .         Dismiss  .     (no cloak)
rCorr  .         Reflect  .     (gloves unavailable)
SustAt .         Harm     .     (boots unavailable)
MR     .....                    (no amulet)
Stlth  ++........               (no ring)
                                e - ring of fire

@: very slow, not resistant to hostile enchantments, unstealthy
A: unfitting armour, claws 3, fast metabolism 3, gourmand, regeneration 2,
shaggy fur 1, tough skin 2
a: Bend Time, Temporal Distortion, Renounce Religion


You were on level 6 of the Dungeon.
You worshipped Cheibriados.
Cheibriados was most pleased with you.
You were not hungry.

You visited 1 branch of the dungeon, and saw 6 of its levels.

You collected 346 gold pieces.
You spent 120 gold pieces at shops.

Inventory:

Armour
 a - a +0 robe (worn)
Jewellery
 e - a ring of fire (left claw)
Wands
 l - a wand of lightning (8/15)
Scrolls
 g - 3 scrolls of remove curse
 j - a scroll of identify
Potions
 c - a potion of heal wounds
 d - a potion of curing
 f - a potion of cancellation
 h - a potion of beneficial mutation {unknown}
 m - 2 potions of invisibility {unknown}
Comestibles
 b - 5 bread rations
 i - 2 beef jerkies
 k - a meat ration


   Skills:
 + Level 5.9 Fighting
 - Level 2.4 Dodging
 - Level 1.1 Stealth
 - Level 4.1 Unarmed Combat
 * Level 4.6 Invocations


You had 6 spell levels left.
You didn't know any spells.

Dungeon Overview and Level Annotations

Branches:
Dungeon (6/15)             Temple (0/1) D:6

Altars:
Cheibriados
Nemelex Xobeh
Pakellas
Trog
Xom
Yredelemnul

Shops:
D:5 !%


Innate Abilities, Weirdness & Mutations

You are too large for most types of armour.
You have claws for hands.
Your metabolism is lightning-fast.
You like to eat raw meat.
You heal very quickly.
You are covered in fur (AC +1).
You have very tough skin (AC +2).


Message History

You claw the white ugly thing!
The white ugly thing is lightly wounded.
The ice beast moves out of view.
The centaur unwields an uncursed shortbow.
The centaur hits you. The white ugly thing gores you!
The white ugly thing freezes you!!!
You feel a terrible chill!
Ouch! That really hurt!
* * * LOW HITPOINT WARNING * * *
A worker ant zombie comes into view.
You are too injured to fight recklessly!
You are too injured to fight recklessly!
You are too injured to fight recklessly!
Drink which item? (? for menu, Esc to quit)
You feel much better.
The centaur hits you but does no damage.
The white ugly thing gores you!
* * * LOW HITPOINT WARNING * * *
The white ugly thing freezes you!!!
You feel a terrible chill!
Ouch! That really hurt!
You die...

#...####.....##
......###....## #.
....##.....###
#.###..##.......##
#......##........#
..#.....#...#####
#!###.#..(#####..###
#.ZY.u#..(# ##...###
#.c@(..# ###...##
#$###..# ###... #
...# ###. #...# ##
#...# # #...# ....#
..#


You could see a white ugly thing, an ice beast, a centaur and a worker ant
zombie.

Vanquished Creatures
  2 eyes of draining (D:5)
  A crimson imp (D:5)
  2 centaur skeletons (D:5)
  2 hounds
  An orc priest (D:5)
  3 iguanas (D:5)
  5 worker ants
  3 gnolls (D:4)
  9 adders
  A shadow imp (D:5)
  An ooze (D:3)
  An adder zombie (D:5)
  3 worms
  4 dart slugs
  4 giant geckos
  7 orcs
  7 giant cockroaches
  11 goblins
  8 hobgoblins
  6 jackals
  3 kobolds (D:1)
  2 quokkas
  2 ball pythons
  6 bats
  A giant newt (D:2)
  2 gnoll zombies (D:4)
  A jackal skeleton (D:4)
  2 rats (D:2)
100 creatures vanquished.

Notes
Turn   | Place    | Note
--------------------------------------------------------------
     0 | D:1      | Surnwick the Troll Monk began the quest for the Orb.
     0 | D:1      | Reached XP level 1. HP: 22/22 MP: 0/0
   160 | D:1      | Reached XP level 2. HP: 29/29 MP: 1/1
   346 | D:1      | Reached skill level 3 in Fighting
   775 | D:2      | Reached XP level 3. HP: 37/37 MP: 2/2
   986 | D:2      | Found an oddly glowing altar of Pakellas.
  1225 | D:2      | Reached skill level 4 in Fighting
  1225 | D:2      | Reached XP level 4. HP: 35/48 MP: 3/3
  1238 | D:2      | Found a sparkling altar of Nemelex Xobeh.
  1780 | D:3      | Found a faded altar to an unknown god.
  1942 | D:3      | Reached XP level 5. HP: 55/55 MP: 4/4
  2222 | D:4      | Found a snail-covered altar of Cheibriados.
  2233 | D:4      | Became a worshipper of Cheibriados the Contemplative
  2233 | D:4      | Reached * piety under Cheibriados
  2233 | D:4      | Reached ** piety under Cheibriados
  2264 | D:4      | Reached skill level 5 in Fighting
  2341 | D:4      | Found a basalt altar of Yredelemnul.
  2417 | D:4      | Found a shimmering altar of Xom.
  2422 | D:4      | Reached skill level 1 in Invocations
  2504 | D:4      | Reached XP level 6. HP: 63/66 MP: 6/6
  2645 | D:5      | Entered Level 5 of the Dungeon
  2696 | D:5      | Found Ginwukuta's Distillery.
  2724 | D:5      | Bought a potion of curing for 45 gold pieces
  2724 | D:5      | Bought a potion of heal wounds for 75 gold pieces
  2768 | D:5      | Reached XP level 7. HP: 57/72 MP: 8/8
  2781 | D:5      | Found Heimev's Food Shoppe.
  2819 | D:5      | Reached *** piety under Cheibriados
  2966 | D:5      | Found a bloodstained altar of Trog.
  3005 | D:5      | Found a bloodstained altar of Trog.
  3124 | D:6      | Found a staircase to the Ecumenical Temple.
  3384 | D:6      | Noticed a white ugly thing
  3387 | D:6      | Annihilated by a white ugly thing

Skill      XL: |  1  2  3  4  5  6  7 |
---------------+----------------------+-----
Fighting       | 3 4 5 |  5.9
Invocations    | 1 3 4 |  4.6
Dodging        | |  2.4
Stealth        | |  1.1
Unarmed Combat | |  4.1

Action                   |  1- 3 |  4- 6 |  7- 9 || total
-------------------------+-------+-------+-------++-------
Melee: Unarmed           |    93 |   141 |    46 ||   280
       Punch             |     1 |     6 |     3 ||    10
  Use: Scroll            |     3 |     7 |       ||    10
       Potion            |       |     3 |     1 ||     4
 Stab: Sleeping          |     1 |     4 |       ||     5
       Distracted        |       |       |     1 ||     1
  Eat: Chunk             |    11 |    12 |     3 ||    26
Armor: Robe              |    25 |    36 |    10 ||    71
Dodge: Dodged            |    45 |    80 |    17 ||   142
